 Dungeon Crawl Stone Soup version 0.29-a0-96-g93358da72b (webtiles) character file.

Game seed: 551711803095236370

983 enile the Cutter (level 8, -5/67 HPs)
             Began as a Gnoll Wanderer on Feb 10, 2022.
             Slain by an unseen horror (6 damage)
             ... on level 6 of the Dungeon.
             The game lasted 00:11:14 (4582 turns).

enile the Cutter (Gnoll Wanderer)                   Turns: 4582, Time: 00:11:15

Health: -5/67      AC: 11    Str: 17    XL:     8   Next: 17%
Magic:  12/12      EV: 12    Int: 10    God:
Gold:   109        SH:  0    Dex: 16    Spells: 13/13 levels left

rFire   . . .      SeeInvis .   a - +2 short sword
rCold   . . .      Faith    .   (no shield)
rNeg    . . .      Spirit   .   h - +0 chain mail
rPois   .          Reflect  .   (no helmet)
rElec   .          Harm     .   (no cloak)
rCorr   .          Rampage  .   c - +0 pair of gloves
Will    .....                   (no boots)
Stlth   ..........              (no amulet)
HPRegen 0.21/turn               t - +4 ring of evasion
MPRegen 0.13/turn               v - +6 ring of strength

@: on berserk cooldown, attractive
A: fangs 1, strong nose, distributed training
a: no special abilities


You were on level 6 of the Dungeon.
You visited 1 branch of the dungeon, and saw 6 of its levels.

You collected 157 gold pieces.
You spent 48 gold pieces at shops.

Inventory:

Hand Weapons
 a - a +2 short sword (weapon)
 l - a +1 dagger of holy wrath
 m - a +3 whip
Armour
 c - a +0 pair of gloves (worn)
 d - a +0 robe
 h - a +0 chain mail (worn)
Jewellery
 t - a +4 ring of evasion (left hand)
 u - a ring of wizardry
 v - a +6 ring of strength (right hand)
Scrolls
 i - 3 scrolls of immolation
 w - a scroll of enchant armour
Potions
 b - a potion of attraction
 f - a potion of berserk rage
 p - 3 potions of degeneration


   Skills:
 + Level 7.2 Fighting
 + Level 7.2 Short Blades
 + Level 3.0 Long Blades
 + Level 3.0 Axes
 + Level 3.0 Maces & Flails
 + Level 3.0 Polearms
 + Level 3.0 Staves
 + Level 3.0 Slings
 + Level 3.0 Bows
 + Level 3.0 Crossbows
 + Level 3.0 Throwing
 + Level 5.5 Armour
 + Level 4.0 Dodging
 + Level 3.0 Stealth
 + Level 3.0 Shields
 + Level 4.0 Unarmed Combat
 + Level 3.0 Spellcasting
 + Level 2.4 Conjurations
 + Level 2.4 Hexes
 + Level 2.4 Summonings
 + Level 2.4 Necromancy
 + Level 2.4 Translocations
 + Level 2.4 Transmutations
 + Level 2.4 Fire Magic
 + Level 2.4 Ice Magic
 + Level 2.4 Air Magic
 + Level 2.4 Earth Magic
 + Level 2.4 Poison Magic
 + Level 3.3 Invocations
 + Level 3.0 Evocations


You had 13 spell levels left.
You didn't know any spells.
Your spell library contained the following spells:

 Spells                   Type           Power      Damage    Failure   Level
 Freeze                   Ice            24%        1d5       80%         1
 Frozen Ramparts          Ice            12%        1d3       99%         3
 Tukima's Dance           Hex            6%         N/A       99%         3
 Hailstorm                Conj/Ice       6%         3d4       100%        4
 Passage of Golubria      Tloc           6%         N/A       100%        4
 Yara's Violent Unravell  Hex/Tmut       3%         3d4       100%        5


Dungeon Overview and Level Annotations

Branches:
Dungeon (6/15)
 Temple: D:4-7

Altars:

Shops:
D:1 [   D:3 !   D:4 (

Annotations:
D:5 2 transporters, IdlyInterested's ghost, novice DsWz


Innate Abilities, Weirdness & Mutations

You have very sharp teeth.
Your uncanny sense of smell can sniff out nearby items.
Your experience applies equally to all skills.


Message History

Your +0 chain mail unmelds from your body.
Something hits you but does no damage.
You feel better. Something hits you.
* * * LOW HITPOINT WARNING * * *
You feel better. Something hits you!
* * * LOW HITPOINT WARNING * * *
Sorry, you're not good enough to have a special ability.
Something hits you.
* * * LOW HITPOINT WARNING * * *
Something hits you but does no damage.
You feel yourself speed up. Something hits you but does no damage.
Sorry, you're not good enough to have a special ability.
Sorry, you're not good enough to have a special ability.
Sorry, you're not good enough to have a special ability.
(D) Dungeon
Where to? (Enter - D:5, ? - help)
Okay, then.
Something hits you!
* * * LOW HITPOINT WARNING * * *
Something hits you.
* * * LOW HITPOINT WARNING * * *
You feel better.
Something hits you but does no damage. x2
Sorry, you're not good enough to have a special ability.
You feel attractive to monsters. Something hits you.
* * * LOW HITPOINT WARNING * * *
Something hits you but does no damage.
You hit something. Something hits you but does no damage. Something hits you.
* * * LOW HITPOINT WARNING * * *
You hit something. Something hits you but does no damage.
Something is attracted toward you.
You miss something. You punch something. You bite something.
Something hits you.
* * * LOW HITPOINT WARNING * * *
Something barely misses you.
You hit something. Something hits you but does no damage.
Something is attracted toward you.
You hit something. Something hits you.
You die...

###########
#...ยง{@...#
#.#######.#
#.# #.# #.#
###
#.#####.#####
..#
............#
#.# #.#
....#.#.###.#
#.# #.# .#
#....##.# #.#
#.#


There were no monsters in sight!

Vanquished Creatures
  Grinder (D:4)
  A water moccasin (D:5)
  An ice beast (D:4)
  An ogre (D:4)
  2 phantoms
  2 hounds (D:5)
  An iguana (D:4)
  Natasha (twice) (D:4)
  8 gnolls
  7 adders
  A worm (D:4)
  A dart slug (D:1)
  6 orcs
  7 bats
  4 endoplasms
  2 giant cockroaches (D:1)
  9 goblins
  7 hobgoblins
  8 kobolds
  5 quokkas
  5 ball pythons (D:2)
  2 frilled lizards
  3 rats
86 creatures vanquished.

Notes
Turn   | Place    | Note
-------+----------+-------------------------------------------
     0 | D:1      | enile the Gnoll Wanderer began the quest for the Orb.
     0 | D:1      | enile set off with the following items: a +2 short sword, a
                  | potion of attraction, a +0 pair of gloves, a +0 robe
     0 | D:1      | Reached XP level 1. HP: 23/23 MP: 1/1
   186 | D:1      | Reached XP level 2. HP: 22/29 MP: 2/2
   190 | D:1      | Found Ufattanen's Armour Boutique.
   755 | D:1      | Reached XP level 3. HP: 35/35 MP: 3/3
  1054 | D:2      | Reached skill level 1 in Invocations
  1059 | D:2      | Reached skill level 1 in Long Blades
  1059 | D:2      | Reached skill level 1 in Axes
  1059 | D:2      | Reached skill level 1 in Maces & Flails
  1059 | D:2      | Reached skill level 1 in Polearms
  1059 | D:2      | Reached skill level 1 in Staves
  1059 | D:2      | Reached skill level 1 in Slings
  1059 | D:2      | Reached skill level 1 in Bows
  1059 | D:2      | Reached skill level 1 in Crossbows
  1059 | D:2      | Reached skill level 1 in Throwing
  1059 | D:2      | Reached skill level 1 in Stealth
  1059 | D:2      | Reached skill level 1 in Shields
  1059 | D:2      | Reached skill level 1 in Spellcasting
  1059 | D:2      | Reached skill level 1 in Evocations
  1060 | D:2      | Reached XP level 4. HP: 32/41 MP: 3/5
  1469 | D:2      | Reached skill level 1 in Conjurations
  1469 | D:2      | Reached skill level 1 in Hexes
  1469 | D:2      | Reached skill level 1 in Summonings
  1469 | D:2      | Reached skill level 1 in Necromancy
  1469 | D:2      | Reached skill level 1 in Translocations
  1469 | D:2      | Reached skill level 1 in Transmutations
  1469 | D:2      | Reached skill level 1 in Fire Magic
  1469 | D:2      | Reached skill level 1 in Ice Magic
  1469 | D:2      | Reached skill level 1 in Air Magic
  1469 | D:2      | Reached skill level 1 in Earth Magic
  1469 | D:2      | Reached skill level 1 in Poison Magic
  2153 | D:3      | Reached XP level 5. HP: 36/47 MP: 5/7
  2812 | D:3      | Found Mummy's Distillery.
  2822 | D:3      | Bought a potion of curing for 36 gold pieces
  2822 | D:3      | Bought a potion of degeneration for 12 gold pieces
  2992 | D:4      | Found Anli's Weapon Emporium.
  3001 | D:4      | Noticed Natasha
  3010 | D:4      | Killed Natasha
  3249 | D:4      | Reached XP level 6. HP: 53/53 MP: 8/8
  3319 | D:4      | Noticed an ice beast
  3348 | D:4      | Killed an ice beast
  3349 | D:4      | Reached skill level 5 in Armour
  3474 | D:4      | Noticed Grinder
  3477 | D:4      | Paralysed by Grinder for 2 turns
  3488 | D:4      | Paralysed by Grinder for 6 turns
  3499 | D:4      | Paralysed by Grinder for 6 turns
  3513 | D:4      | Killed Grinder
  3514 | D:4      | Reached XP level 7. HP: 43/60 MP: 10/10
  3698 | D:4      | Noticed Natasha
  3705 | D:4      | Killed Natasha
  4101 | D:5      | Entered Level 5 of the Dungeon
  4159 | D:5      | Found a transporter.
  4160 | D:5      | Noticed IdlyInterested's ghost (novice DsWz)
  4161 | D:5      | Found a transporter.
  4204 | D:5      | Reached XP level 8. HP: 58/67 MP: 12/12
  4574 | D:6      | HP: 2/67 [something (9)]
  4580 | D:6      | HP: 1/67 [something (4)]
  4582 | D:6      | Slain by an unseen horror

Illustrated notes

Levels and vault maps discovered:
D:1:      nicolae_arrival_somewhat_less_tricky_arrival, layout_loops_ring,
          serial_shops, nicolae_diamond_shop, hex_large
D:2:      layout_basic
D:3:      layout_basic, serial_shops, nicolae_lakefront_shop
D:4:      layout_cave_pods, serial_shops, kennysheep_little_box, st_stairs_7,
          uniq_natasha, uniq_grinder
D:5:      layout_loops_ring, gammafunk_ghost_arena
D:6:      layout_loops_ring, mainiacjoe_overflow_surrounded_room,
          minmay_temple_entry_stoned_glass

Skill      XL: |  1  2  3  4  5  6  7  8 |
---------------+-------------------------+-----
Invocations    | 1 2 3 |  3.3
Long Blades    | 1 2 3 |  3.0
Axes           | 1 2 3 |  3.0
Maces & Flails | 1 2 3 |  3.0
Polearms       | 1 2 3 |  3.0
Staves         | 1 2 3 |  3.0
Slings         | 1 2 3 |  3.0
Bows           | 1 2 3 |  3.0
Crossbows      | 1 2 3 |  3.0
Throwing       | 1 2 3 |  3.0
Stealth        | 1 2 3 |  3.0
Shields        | 1 2 3 |  3.0
Spellcasting   | 1 2 3 |  3.0
Evocations     | 1 2 3 |  3.0
Conjurations   | 1 2 |  2.4
Hexes          | 1 2 |  2.4
Summonings     | 1 2 |  2.4
Necromancy     | 1 2 |  2.4
Translocations | 1 2 |  2.4
Transmutations | 1 2 |  2.4
Fire Magic     | 1 2 |  2.4
Ice Magic      | 1 2 |  2.4
Air Magic      | 1 2 |  2.4
Earth Magic    | 1 2 |  2.4
Poison Magic   | 1 2 |  2.4
Dodging        | 3 4 |  4.0
Unarmed Combat | 3 4 |  4.0
Armour         | 5 |  5.5
Fighting       | 7 |  7.2
Short Blades   | 7 |  7.2

Action                   |  1- 3 |  4- 6 |  7- 9 || total
-------------------------+-------+-------+-------++-------
Melee: Short sword       |    50 |   172 |    97 ||   319
       Bite              |     6 |    22 |    10 ||    38
       Punch             |     2 |     9 |     6 ||    17
Throw: Throwing net      |       |     4 |     1 ||     5
  Use: Potion            |     1 |       |    12 ||    13
       Scroll            |       |       |     7 ||     7
 Stab: Sleeping          |     1 |       |       ||     1
       Held in net/web   |       |     2 |     1 ||     3
Armor: Robe              |    12 |       |       ||    12
       Chain mail        |     2 |    57 |    53 ||   112
       Skin              |       |       |    18 ||    18
Dodge: Dodged            |    23 |    66 |    28 ||   117

Table legend: (Time is in decaauts)
 A = Elapsed time spent in this place.
 B = Non-inter-level travel time spent in this place.
 C = Inter-level travel time spent in this place.
 D = Time resting spent in this place.
 E = Time spent auto-exploring this place.
 F = Levels seen in this place.
 G = Mean time per level.
                   A        B        C        D        E       F      G
               +--------+--------+--------+--------+--------+-----+--------+
         Total |   4527 |   4391 |    136 |      0 |   3625 |   6 |  754.5 |
       Dungeon |   4527 |   4391 |    136 |      0 |   3625 |   6 |  754.5 |
               +--------+--------+--------+--------+--------+-----+--------+

Top non-repeatable levels by time:
     D:4: 1140 daAuts
     D:2: 1133 daAuts
     D:1: 943 daAuts
     D:3: 829 daAuts
     D:6: 311 daAuts
     D:5: 170 daAuts
